 Dungeon Crawl Stone Soup version 0.24-a0-201-gf205589 (webtiles) character file.

Game seed: 3200112336264303774

158 Borgoz the Cutter (level 5, -7/41 HPs)
             Began as a Ghoul Gladiator on Mar 23, 2019.
             Was an Initiate of Ashenzari.
             Mangled by a gnoll
             ... wielding a +0 halberd
              (9 damage)
             ... on level 3 of the Dungeon.
             The game lasted 00:04:26 (2179 turns).

Borgoz the Cutter (Ghoul Gladiator)                 Turns: 2179, Time: 00:04:27

Health: -7/41      AC: 12    Str: 19 (23) XL:     5   Next: 40%
Magic:  4/4        EV:  6    Int:  1 (4)  God:    Ashenzari [......]
Gold:   128        SH:  0    Dex:  6 (10) Spells: 4/4 levels left

rFire    . . .     SeeInvis .   a - +0 rapier
rCold    + . .     Gourm    .   (no shield)
rNeg     + + +     Faith    +   n - +0 plate armour
rPois    ∞         Spirit   .   c - +0 helmet
rElec    .         Reflect  .   (no cloak)
rCorr    .         Harm     .   (no gloves)
MR       .....                  (no boots)
Stlth    ..........             t - amulet of faith
HPRegen  0.00/turn              (no ring)
MPRegen  0.09/turn              (no ring)

@: mighty, flying, rotting
A: rotting body, claws 1, carnivore, cold resistance 1, negative energy
resistance 3, inhibited regeneration, torment resistance, unbreathing
a: Curse Item, Renounce Religion


You were on level 3 of the Dungeon.
You worshipped Ashenzari.
Ashenzari was noncommittal.
You were not hungry.

You visited 1 branch of the dungeon, and saw 4 of its levels.

You collected 128 gold pieces.

Inventory:

Hand Weapons
 a - a +0 rapier (weapon)
Missiles
 d - 3 throwing nets (quivered)
Armour
 c - a +0 helmet (worn)
 n - a +0 plate armour (worn)
Jewellery
 t - an amulet of faith (around neck)
 v - an uncursed amulet of the acrobat
Scrolls
 e - 4 scrolls of remove curse
 g - a scroll of amnesia {unknown}
 i - a scroll of random uselessness {unknown}
 o - a scroll of noise {unknown}
 p - a scroll of blinking {unknown}
 q - a scroll of teleportation
 r - a scroll of enchant weapon {unknown}
 y - a scroll of enchant armour {unknown}
Potions
 l - a potion of haste {unknown}
 m - a potion of berserk rage {unknown}
 s - a potion of resistance {unknown}
 u - 2 potions of magic {unknown}
 w - 2 potions of brilliance {unknown}
 x - a potion of heal wounds {unknown}
Comestibles
 f - 10 rations


   Skills:
 - Level 2.1 Fighting
 + Level 3.8 Short Blades
 - Level 1.7 Throwing
 + Level 2.3 Armour
 + Level 3.8 Dodging


You had 4 spell levels left.
You didn't know any spells.
Your spell library was empty.

Dungeon Overview and Level Annotations

Branches:
Dungeon (4/15)
 Temple: D:4-7

Altars:
Ashenzari
Gozag
Uskayaw


Innate Abilities, Weirdness & Mutations

Your body is rotting away.
You thrive on raw meat.
You are immune to poison.
You have sharp fingernails.
You are carnivorous and can eat meat at any time.
Your flesh is cold resistant. (rC+)
You are immune to negative energy. (rN+++)
You do not regenerate when monsters are visible.
You are immune to unholy pain and torment.
You can survive without breathing.


Message History

* * * LOW HITPOINT WARNING * * *
It was a potion of might.
You feel very mighty all of a sudden. The gnoll hits you with a +0 spear.
* * * LOW HITPOINT WARNING * * *
The gnoll barely misses you.
You barely miss the gnoll.
The gnoll is almost dead.
The gnoll completely misses you.
Your plate armour prevents you from hitting the gnoll.
The gnoll is almost dead.
The gnoll hits you but does no damage. x2
You puncture the gnoll!
You kill the gnoll!
The gnoll hits you with a +0 halberd!
* * * LOW HITPOINT WARNING * * *
It was a potion of flight.
You feel very buoyant.
You fly up into the air.
The gnoll hits you with a +0 halberd!
You die...

# #.................... #
#.................... #
#.................[.. ####.#.
####.................... .......
........................ ######
##....................
######.######....................
.......#....#...g..............g.
....)........[..@)..............g
########....#....................
##### #....#....................
....####....#....................
##.......####....................
#........# #....................
.........# #....................
.........# #....................
##.......# #....................


You could see a gnoll.

Vanquished Creatures
  2 gnolls
  5 adders
  2 oozes
  2 worms
  A leopard gecko (D:1)
  2 orcs (D:3)
  A ball python (D:1)
  9 bats
  6 giant cockroaches
  6 hobgoblins
  10 jackals
  7 kobolds
  8 frilled lizards
  6 goblins
  9 rats
76 creatures vanquished.

Notes
Turn   | Place    | Note
-------+----------+-------------------------------------------
     0 | D:1      | Borgoz the Ghoul Gladiator began the quest for the Orb.
     0 | D:1      | Reached XP level 1. HP: 17/17 MP: 0/0
    84 | D:1      | Reached XP level 2. HP: 21/24 MP: 1/1
   192 | D:1      | Reached skill level 1 in Armour
   213 | D:1      | Reached XP level 3. HP: 16/29 MP: 2/2
   731 | D:2      | Found a hide-covered altar of Uskayaw.
   814 | D:2      | Reached XP level 4. HP: 36/36 MP: 3/3
  1009 | D:2      | Found an opulent altar of Gozag.
  1020 | D:2      | Found a shattered altar of Ashenzari.
  1036 | D:2      | Became a worshipper of Ashenzari the Shackled
  1577 | D:3      | Reached XP level 5. HP: 31/41 MP: 4/4
  2178 | D:3      | HP: 2/41 [gnoll/+0 halberd (8)]
  2179 | D:3      | Mangled by a gnoll

Levels and vault maps discovered:
D:1:      doesnt_arrival_eight_statues, layout_rooms
D:2:      layout_basic, lemuel_round_altar, grunt_temple_overflow_open,
          minmay_heptomino_l4
D:3:      layout_basic
D:4:      layout_layer_cave, old_standard_altar, kennysheep_mini,
          kennysheep_little_box

Skill      XL: |  1  2  3  4 |
---------------+-------------+-----
Short Blades   | 3 |  3.8
Dodging        | 3 |  3.8
Armour         | 1 2 |  2.3
Fighting       | |  2.1
Throwing       | |  1.7

Action                   |  1- 3 |  4- 6 || total
-------------------------+-------+-------++-------
Melee: Rapier            |   147 |   174 ||   321
  Use: Scroll            |       |     1 ||     1
       Potion            |       |     4 ||     4
  Eat: Chunk             |    14 |     9 ||    23
Armor: Leather armour    |    52 |       ||    52
       Plate armour      |    32 |   121 ||   153
Dodge: Dodged            |   102 |    73 ||   175

Table legend:
 A = Non-vault XP
 B = Vault XP
 C = Vault XP percentage of total XP
 D = Non-vault monster count
 E = Vault monster count
 F = Vault count percentage of total count
                 A         B        C        D         E       F
            +---------+---------+-------+---------+---------+-------
      Total |     219 |       8 |   3.5 |      73 |       3 |   3.9
            +---------+---------+-------+---------+---------+-------
        D:1 |      48 |       0 |   0.0 |      26 |       0 |   0.0
        D:2 |      64 |       8 |  11.1 |      24 |       3 |  11.1
        D:3 |      92 |       0 |   0.0 |      21 |       0 |   0.0
        D:4 |      15 |       0 |   0.0 |       2 |       0 |   0.0
            +---------+---------+-------+---------+---------+-------
